 Dungeon Crawl Stone Soup version 0.27-a0-1137-g3ef0f4ec91 (webtiles) character file.

Game seed: 17189064509566283957

9383 siradein the Carver (level 11, -14/78 HPs)
             Began as a Demonspawn Gladiator on May 6, 2021.
             Was a Priest of Nemelex Xobeh.
             Shot with an arrow by a centaur warrior (26 damage)
             ... on level 13 of the Dungeon.
             The game lasted 00:43:59 (14026 turns).

siradein the Carver (Demonspawn Gladiator)         Turns: 14026, Time: 00:44:00

Health: -14/78     AC: 17    Str: 14    XL:     11   Next: 22%
Magic:  14/14      EV: 18    Int: 10    God:    Nemelex Xobeh [***...]
Gold:   722        SH:  4    Dex: 24    Spells: 10/10 levels left

rFire    . . .     SeeInvis .   u - +4 long sword of Wrongful Imprisonment {vorpal, *Noise rCorr Str-3 Dex+9}
rCold    + . .     Faith    +   (no shield)
rNeg     . . .     Spirit   .   P - +2 leather armour {rC+}
rPois    .         Reflect  .   x - +1 hat
rElec    .         Harm     .   L - +0 cloak
rCorr    +         Rampage  .   r - +0 pair of gloves
Will     +....                  o - +0 pair of boots
Stlth    ++........             I - amulet of faith
HPRegen  0.23/turn              c - +4 ring of protection
MPRegen  0.14/turn              O - ring of willpower

@: no status effects
A: horns 2, repulsion field 2, icemail 1, powered by death 1, condensation
shield, low mp 1, subdued magic 1, MP-powered wands
a: Renounce Religion, Draw Escape, Draw Destruction, Draw Summoning, Triple Draw


You were on level 13 of the Dungeon.
You worshipped Nemelex Xobeh.
Nemelex Xobeh was most pleased with you.
You visited 2 branches of the dungeon, and saw 14 of its levels.
You also visited: Ossuary.

You collected 836 gold pieces.
You spent 114 gold pieces at shops.

Inventory:

Hand Weapons
 u - the +4 long sword of Wrongful Imprisonment (weapon) {vorpal, *Noise rCorr Str-3 Dex+9}
   (You found it on level 5 of the Dungeon)

   It inflicts extra damage upon your enemies.
   It affects your strength (-3).
   It affects your dexterity (+9).
   It may make noises in combat.
   It protects you from acid and corrosion.
Missiles
 d - 9 throwing nets (quivered)
Armour
 o - a +0 pair of boots (worn)
 r - a +0 pair of gloves (worn)
 x - a +1 hat (worn)
 L - a +0 cloak (worn)
 P - a +2 leather armour of cold resistance (worn)
Jewellery
 c - a +4 ring of protection (left hand)
 m - a ring of ice
 y - a +6 ring of intelligence
 D - a ring of resist corrosion
 H - a ring of fire
 I - an amulet of faith (around neck)
 O - a ring of willpower (right hand)
Wands
 b - a wand of mindburst (11)
 J - a wand of iceblast (11)
Scrolls
 a - 2 scrolls of enchant armour {unknown}
 f - 2 scrolls of magic mapping
 g - 2 scrolls of enchant weapon
 h - a scroll of blinking {unknown}
 j - 4 scrolls of teleportation
 l - a scroll of amnesia {unknown}
 n - 2 scrolls of fear {unknown}
 q - 6 scrolls of fog
 s - 2 scrolls of silence {unknown}
 t - a scroll of acquirement {unknown}
 v - 2 scrolls of holy word {unknown}
 w - 2 scrolls of vulnerability {unknown}
 A - a scroll of brand weapon {unknown}
 E - a scroll of torment
 G - 2 scrolls of immolation {unknown}
 M - 2 scrolls of identify
 N - a scroll of summoning {unknown}
Potions
 e - 3 potions of flight
 i - 2 potions of heal wounds
 k - 4 potions of attraction
 p - 2 potions of cancellation
 z - 4 potions of curing
 B - 2 potions of ambrosia
 C - 2 potions of resistance
 K - a potion of mutation


   Skills:
 + Level 4.5 Fighting
 - Level 14.0 Long Blades
 - Level 1.7 Throwing
 + Level 4.6 Dodging
 * Level 7.5 Invocations


You had 10 spell levels left.
You didn't know any spells.
Your spell library contained the following spells:

 Spells                   Type           Power      Damage    Failure   Level
 Foxfire                  Conj/Fire      0%         2x1d4     38%         1
 Confusing Touch          Hex            0%         N/A       78%         3
 Conjure Flame            Conj/Fire      0%         6-21      78%         3
 Gell's Gravitas          Tloc           0%         N/A       78%         3
 Inner Flame              Hex/Fire       0%         N/A       78%         3
 Petrify                  Tmut/Erth      0%         N/A       99%         4
 Sticky Flame             Conj/Fire      0%         2d3       99%         4
 Fireball                 Conj/Fire      0%         3d3       100%        5
 Metabolic Englaciation   Hex/Ice        0%         N/A       100%        5
 Yara's Violent Unravell  Hex/Tmut       0%         3d3       100%        5


Dungeon Overview and Level Annotations

Branches:
Dungeon (14/15)            Temple (1/1) D:5            Lair (0/6) D:9
Ossuary (visited)
    Orc: D:9-12      Vaults: D:13-14

Altars:
Ashenzari
Cheibriados
Dithmenos
Elyvilon
Fedhas
Gozag
Hepliaklqana
Kikubaaqudgha
Makhleb
Nemelex Xobeh
Okawaru
Qazlal
Ru
Sif Muna
Trog
Uskayaw
Vehumet
Wu Jian
Xom
Yredelemnul
Zin
The Shining One

Shops:
D:4 ?   D:6 *   D:8 [

Annotations:
D:9 Gastronok


Innate Abilities, Weirdness & Mutations

You have a pair of horns on your head.
You are surrounded by a moderate repulsion field. (EV +3)
A meltable icy envelope protects you from harm. (AC +4)
You regenerate a little health from kills.
A meltable shield of frost defends you. (SH +4)
Your magical capacity is low. (-10% MP)
Your spells are a little easier to cast, but a little less powerful.
You expend magic power (3 MP) to strengthen your wands.


Message History

There is a stone staircase leading down here.
Found a plate armour.
Found a stone staircase leading down.
A centaur warrior comes into view.
The centaur warrior wields a +0 shortbow.
The centaur warrior shoots an arrow.
You block the arrow.
A slime creature comes into view.
The centaur warrior unwields a +0 shortbow.
The centaur warrior hits you.
The centaur warrior kicks you but does no damage.
The slime creature quivers.
The centaur warrior misses you.
You riposte.
You hit the centaur warrior.
The centaur warrior is lightly wounded.
The centaur warrior kicks you but does no damage.
A slime creature comes into view.
The slime creature quivers.
The centaur warrior hits you!
The centaur warrior kicks you but does no damage.
The centaur warrior hits you but does no damage.
The centaur warrior completely misses you.
A slime creature comes into view.
Two slime creatures merge to form a large slime creature.
The centaur warrior hits you!
The centaur warrior kicks you but does no damage.
The centaur warrior wields a +0 shortbow.
The centaur warrior shoots an arrow.
The arrow completely misses you.
The centaur warrior shoots an arrow.
The arrow hits you.
The centaur warrior shoots an arrow.
The arrow barely misses you.
The centaur warrior shoots an arrow.
You block the arrow.
The centaur warrior shoots an arrow.
The arrow hits you.
The centaur warrior shoots an arrow.
The arrow completely misses you.
The centaur warrior shoots an arrow.
The arrow completely misses you.
The centaur warrior shoots an arrow.
The arrow hits you!!
The centaur warrior shoots an arrow.
The arrow closely misses you.
The centaur warrior shoots an arrow.
The arrow hits you!!
* * * LOW HITPOINT WARNING * * *
You see here a +0 plate armour.
The centaur warrior shoots an arrow.
The arrow hits you!!
You die...
Your body disappears without a glow.

. .# ## .# ##### ###. .
..# #...# #.. >###J#
#...# #.#
.J...#######...########>#
##.####...c.............#
#.####.####...##########
#Jc.......J...[@.......
#.####.#####..###.#####
#.# #.# #..# .. ... ..#
#..# #.. #### #### #...
## #.##. #.. .# ### #


You could see a slime creature and a centaur warrior.

Vanquished Creatures
  Harold (D:7)
  A two-headed ogre (D:10)
  A death yak (D:9)
  Pikel (D:9)
  Maurice (D:9)
  A gargoyle (D:10)
  Joseph (D:10)
  A troll (D:9)
  A wyvern (D:8)
  A vampire (D:7)
  A yak (D:9)
  Eustachio (D:6)
  A steam dragon (D:8)
  Duvessa (D:6)
  3 water moccasins (D:7)
  2 orc warriors
  An ice beast (D:5)
  3 sky beasts
  A necrophage (D:7)
  2 ogres
  3 centaurs
  2 lemures (D:9)
  A kobold brigand (D:6)
  6 bullfrogs
  A wyvern zombie (D:4)
  A gnoll sergeant (D:9)
  A scorpion (D:6)
  Dowan (D:6)
  13 killer bees
  A water moccasin skeleton (D:4)
  6 wights
  8 howler monkeys
  4 centaur zombies
  2 hounds
  2 jellies
  A centaur skeleton (D:7)
  2 orc priests
  2 gnoll shamans
  A scorpion zombie (D:5)
  2 iguanas
  7 orc wizards
  10 mummies
  2 hound skeletons (D:4)
  20 gnolls
  9 adders
  A shadow imp (D:6)
  A white imp (D:5)
  An ufetubus (D:5)
  A dart slug (D:3)
  18 orcs
  7 endoplasms
  A giant cockroach (D:1)
  5 goblins
  7 hobgoblins
  9 kobolds
  4 quokkas
  6 ball pythons
  3 frilled lizards (D:2)
  A hobgoblin zombie (Ossuary)
  2 kobold zombies (Ossuary)
  5 orc zombies (Ossuary)
  9 rats
215 creatures vanquished.

Vanquished Creatures (collateral kills)
  A death yak (D:8)
1 creature vanquished.

Vanquished Creatures (others)
  10 plants (D:5)
10 creatures vanquished.

Grand Total: 226 creatures vanquished

Notes
Turn   | Place    | Note
-------+----------+-------------------------------------------
     0 | D:1      | siradein the Demonspawn Gladiator began the quest for the
                  | Orb.
     0 | D:1      | Reached XP level 1. HP: 16/16 MP: 1/1
   238 | D:1      | Reached skill level 3 in Long Blades
   335 | D:1      | Gained mutation: You are surrounded by a mild repulsion
                  | field. (EV +2) [demonic ancestry]
   335 | D:1      | Reached XP level 2. HP: 22/22 MP: 2/2
  1447 | D:2      | Gained mutation: You are surrounded by a moderate repulsion
                  | field. (EV +3) [demonic ancestry]
  1447 | D:2      | Reached XP level 3. HP: 27/27 MP: 3/3
  1456 | D:2      | Reached skill level 4 in Long Blades
  2054 | D:2      | Found an ornate altar of the Wu Jian Council.
  2667 | D:3      | Gained mutation: A meltable shield of frost defends you.
                  | (SH +4) [demonic ancestry]
  2667 | D:3      | Reached XP level 4. HP: 32/33 MP: 4/4
  2839 | D:3      | Found a faded altar of an unknown god.
  3071 | D:3      | Noticed a +0 dagger
  3071 | D:3      | Noticed a +0 hand axe
  3074 | D:3      | Found a hide-covered altar of Uskayaw.
  3222 | D:3      | Gained mutation: Your spells are a little easier to cast,
                  | but a little less powerful. [potion of mutation]
  3222 | D:3      | Gained mutation: You are clumsy. (Dex -2) [potion of
                  | mutation]
  3680 | D:4      | Reached skill level 5 in Long Blades
  3680 | D:4      | Gained mutation: You have a pair of small horns on your
                  | head. [demonic ancestry]
  3680 | D:4      | Reached XP level 5. HP: 28/38 MP: 5/5
  3973 | D:4      | Found Nodinycs's Magic Scroll Boutique.
  3992 | D:4      | Bought a scroll of magic mapping for 42 gold pieces
  3992 | D:4      | Bought a scroll of identify for 24 gold pieces
  3992 | D:4      | Bought a scroll of identify for 24 gold pieces
  3992 | D:4      | Bought a scroll of fog for 24 gold pieces
  4025 | D:4      | Reached skill level 6 in Long Blades
  4061 | D:4      | Reached XP level 6. HP: 39/44 MP: 6/6
  4426 | D:5      | Entered Level 5 of the Dungeon
  4451 | D:5      | Identified the +4 long sword of Wrongful Imprisonment
                  | {vorpal, *Noise rCorr Str-3 Dex+9}
  4471 | D:5      | Noticed an orc warrior
  4675 | D:5      | Found a radiant altar of Vehumet.
  4801 | D:5      | Found a hazy altar of Hepliaklqana.
  4842 | D:5      | Noticed an ice beast
  5354 | D:5      | Found a staircase to the Ecumenical Temple.
  5365 | Temple   | Entered the Ecumenical Temple
  5573 | D:5      | Reached skill level 7 in Long Blades
  5582 | D:5      | Found a snail-covered altar of Cheibriados.
  5627 | D:5      | Gained mutation: You regenerate a little health from kills.
                  | [demonic ancestry]
  5627 | D:5      | Reached XP level 7. HP: 50/50 MP: 7/7
  6044 | D:5      | Found a stormy altar of Qazlal.
  6057 | D:5      | Found a sparkling altar of Nemelex Xobeh.
  6303 | D:5      | Became a worshipper of Nemelex Xobeh the Trickster
  6359 | D:6      | Found Ariuhiym's Assorted Antiques.
  6387 | D:6      | Found a broken altar of Ashenzari.
  6403 | D:6      | Reached skill level 8 in Long Blades
  6439 | D:6      | Found a sand-covered staircase.
  6451 | Ossuary  | Entered an ossuary
  6997 | D:6      | Found a bloodstained altar of Trog.
  7154 | D:6      | Reached skill level 9 in Long Blades
  7154 | D:6      | Reached XP level 8. HP: 48/56 MP: 8/8
  7209 | D:6      | Lost mutation: You are clumsy. (Dex -2) [potion of
                  | mutation]
  7209 | D:6      | Gained mutation: Your magical capacity is low. (-10% MP)
                  | [potion of mutation]
  7209 | D:6      | Gained mutation: You expend magic power (3 MP) to
                  | strengthen your wands. [potion of mutation]
  7451 | D:6      | Noticed Eustachio
  7467 | D:6      | Killed Eustachio
  7468 | D:6      | Reached skill level 10 in Long Blades
  8208 | D:6      | Noticed Dowan
  8214 | D:6      | Noticed Duvessa
  8232 | D:6      | Killed Duvessa
  8384 | D:6      | Killed Dowan
  8524 | D:6      | Reached skill level 11 in Long Blades
  8524 | D:6      | Reached XP level 9. HP: 61/61 MP: 8/8
  8980 | D:7      | Found a shimmering altar of Xom.
  8980 | D:7      | Noticed an angel
  9021 | D:7      | HP: 1/61 [vampire (5)]
  9212 | D:7      | Noticed Harold
  9213 | D:7      | Reached * piety under Nemelex Xobeh
  9234 | D:7      | Killed Harold
  9235 | D:7      | Reached skill level 12 in Long Blades
  9534 | D:7      | Found a shadowy altar of Dithmenos.
  9965 | D:8      | Received a gift from Nemelex Xobeh
  9973 | D:8      | Reached skill level 13 in Long Blades
 10146 | D:8      | Gained mutation: A meltable icy envelope protects you from
                  | harm. (AC +4) [demonic ancestry]
 10146 | D:8      | Reached XP level 10. HP: 56/67 MP: 9/9
 10296 | D:8      | Found Wuunick's Armour Emporium.
 10456 | D:8      | Reached ** piety under Nemelex Xobeh
 10900 | D:9      | Noticed Maurice
 11068 | D:9      | Killed Maurice
 11532 | D:9      | Reached skill level 14 in Long Blades
 11747 | D:9      | Reached skill level 1 in Invocations
 11751 | D:9      | Found an ornate altar of the Wu Jian Council.
 12045 | D:9      | Noticed Pikel
 12056 | D:9      | Killed Pikel
 12172 | D:9      | Noticed a death yak
 12173 | D:9      | Noticed a death yak
 12174 | D:9      | Found a staircase to the Lair.
 12180 | D:9      | Noticed a death yak
 12182 | D:9      | Noticed a death yak
 12184 | D:9      | Noticed a death yak
 12186 | D:9      | Noticed Gastronok
 12187 | D:9      | Noticed a death yak
 12211 | D:9      | Killed a death yak
 12212 | D:9      | Reached skill level 5 in Invocations
 12468 | D:8      | Killed a death yak
 12837 | D:9      | Noticed a death yak
 13108 | D:10     | Entered Level 10 of the Dungeon
 13328 | D:10     | Noticed a two-headed ogre
 13332 | D:10     | Gained mutation: You have a pair of horns on your head.
                  | [demonic ancestry]
 13332 | D:10     | Reached XP level 11. HP: 76/76 MP: 13/13
 13338 | D:10     | Killed a two-headed ogre
 13487 | D:10     | Noticed Joseph
 13499 | D:10     | Killed Joseph
 13596 | D:10     | Found an opulent altar of Gozag.
 13813 | D:10     | Reached *** piety under Nemelex Xobeh
 13983 | D:11     | You fall into a shaft and drop 3 floors!
 14008 | D:13     | Noticed a centaur warrior
 14026 | D:13     | Shot with an arrow by a centaur warrior

Illustrated notes

Levels and vault maps discovered:
D:1:      saegor_arrival_simple_a, layout_basic, roderic_lattice_a
D:2:      layout_rooms, basic_altar, nrook_uturn
D:3:      layout_basic, dancing_weapons_uskayaw,
          hellmonk_ecumenical_altar_heavens_door
D:4:      layout_cave_pools, serial_shops, shop, roderic_filled_cross
D:5:      layout_basic, lemuel_doored_altar, slow_altar_1,
          nicolae_hepliaklqana_hazy_memory, amethyst_overflow_temple_binary,
          minmay_temple_entry_large_hall
D:6:      layout_cave_pods, cheibrodos_ashenzari_chains, trog_hazing_becter,
          serial_shops, shop, gup_ossuary_entry_pyramid, uniq_duvessa,
          uniq_eustachio
D:7:      layout_basic, grunt_temple_overflow_order_and_chaos_1,
          nicolae_dithmenos_through_a_glass_darkly, chequers_garden, uniq_harold
D:8:      layout_basic, serial_shops, shop
D:9:      layout_loops_ring, marbit_many_paths, dpeg_lair_monsters,
          nicolae_wwwww, wad_rectangle_vault, uniq_maurice, uniq_gastronok,
          uniq_pikel
D:10:     layout_long_grid, nicolae_gozag_cash_rules_everything_around_me,
          uniq_joseph
D:11:     layout_basic, kennysheep_orc_monster_closet_entryway
D:13:     hangedman_screamer, layout_loops_ring, grunt_vaults_entry_tiered,
          special_room [special_room_orc], drop_trap, minmay_fire_ice_demons,
          uniq_josephine
D:14:     layout_cave_pools, nicolae_lava_and_water, zin_treasury, uniq_agnes
Temple:   dpeg_three_leaves_temple

Skill      XL: |  1  2  3  4  5  6  7  8  9 10 11 |
---------------+----------------------------------+-----
Long Blades    | 3 4 5 6 7 9 11 13 14 | 14.0
Invocations    | 6 7 |  7.5
Dodging        | 4 |  4.6
Fighting       | 3 4 |  4.5
Throwing       | |  1.7

Action                   |  1- 3 |  4- 6 |  7- 9 | 10-12 || total
-------------------------+-------+-------+-------+-------++-------
Melee: Long sword        |   107 |   106 |   306 |   227 ||   746
       Headbutt          |       |    33 |   100 |    84 ||   217
Throw: Throwing net      |       |       |       |     1 ||     1
Invok: Draw Destruction  |       |       |       |     1 ||     1
       Draw Summoning    |       |       |       |     1 ||     1
  Use: Scroll            |       |     9 |     1 |     4 ||    14
       Potion            |       |     1 |     8 |       ||     9
 Stab: Sleeping          |     1 |     1 |       |     1 ||     3
       Distracted        |       |       |     1 |       ||     1
       Held in net/web   |       |       |       |     1 ||     1
Armor: Leather armour    |    24 |    25 |    33 |     7 ||    89
       Robe              |       |       |    37 |    67 ||   104
Dodge: Dodged            |    90 |    77 |   204 |   161 ||   532
Block: Other             |       |    17 |    59 |    32 ||   108
       Rpst.: Long sword |    29 |    28 |    60 |    41 ||   158

Table legend: (Time is in decaauts)
 A = Elapsed time spent in this place.
 B = Non-inter-level travel time spent in this place.
 C = Inter-level travel time spent in this place.
 D = Time resting spent in this place.
 E = Time spent auto-exploring this place.
 F = Levels seen in this place.
 G = Mean time per level.
                   A        B        C        D        E       F      G
               +--------+--------+--------+--------+--------+-----+--------+
         Total |  13997 |  13503 |    494 |   2614 |   7828 |  15 |  933.1 |
       Dungeon |  13688 |  13218 |    470 |   2614 |   7624 |  13 | 1052.9 |
        Temple |    132 |    108 |     24 |      0 |     92 |   1 |  132.0 |
       Ossuary |    176 |    176 |      0 |      0 |    112 |   1 |  176.0 |
               +--------+--------+--------+--------+--------+-----+--------+

Top non-repeatable levels by time:
     D:8: 2014 daAuts
     D:6: 2002 daAuts
     D:5: 1659 daAuts
     D:1: 1396 daAuts
     D:3: 1385 daAuts
     D:4: 1226 daAuts
     D:2: 1120 daAuts
     D:9: 1076 daAuts
     D:7: 902 daAuts
    D:10: 833 daAuts
 Ossuary: 176 daAuts
  Temple: 132 daAuts
    D:13: 39 daAuts
    D:11: 27 daAuts
    D:14: 2 daAuts
